 Dungeon Crawl Stone Soup version 0.16-a0-3197-g5046a99 (webtiles) character file.

11718 Grim the Jinx (level 11, -10/56 HPs)
             Began as a Spriggan Enchanter on Dec 18, 2014.
             Was a Priest of Dithmenos.
             Mangled by a wolf spider simulacrum (27 damage)
             ... in an ice cave.
             The game lasted 01:00:54 (15196 turns).

Grim the Jinx (Spriggan Enchanter)                 Turns: 15196, Time: 01:00:56

Health: -10/56     AC:  9    Str:  6    XL:     11   Next: 53%
Magic:  13/28      EV: 29    Int: 20    God:    Dithmenos [***...]
Gold:   600        SH:  0    Dex: 15    Spells: 4 memorised, 11 levels left

rFire  . . .     SeeInvis +     I - +2 dagger (elec)
rCold  . . .     Clarity  +     K - +4 robe "Xiemadot" {Str+2 Dex-2}
rNeg   . . .     SustAb   .     (shield restricted)
rPois  .         Gourm    .     (helmet restricted)
rElec  .         Spirit   .     v - +2 cloak
rCorr  .         Warding  .     (gloves unavailable)
rMut   .         Stasis   .     (boots unavailable)
MR     +....                    b - amulet of clarity (curse)
Stlth  ++++++++..               y - ring of invisibility
                                H - +3 ring of evasion

@: wreathed by umbra, very quick, somewhat resistant to hostile enchantments,
extraordinarily stealthy
A: unfitting armour, see invisible, herbivore 3, speed 3, slow metabolism 2
a: Shadow Step, Renounce Religion, Evoke Invisibility


You were in an ice cave.
You worshipped Dithmenos.
Dithmenos was most pleased with you.
You were not hungry.

You visited 3 branches of the dungeon, and saw 13 of its levels.
You also visited: Ice Cave.

You collected 932 gold pieces.
You spent 332 gold pieces at shops.

Inventory:

Hand weapons
 I - a +2 dagger of electrocution (weapon)
Armour
 v - a +2 cloak (worn)
 J - a +1 robe of fire resistance
 K - the +4 robe "Xiemadot" (worn) {Str+2 Dex-2}
   (You bought it in a shop on level 9 of the Dungeon)

   It affects your strength (+2).
   It affects your dexterity (-2).
Jewellery
 b - a cursed amulet of clarity (around neck)
 g - an uncursed ring of protection from magic
 y - a ring of invisibility (right hand)
 G - an uncursed ring of magical power
 H - a +3 ring of evasion (left hand)
 O - an uncursed ring of protection from cold {unknown}
 R - an uncursed ring of sustain abilities
Magical devices
 a - a wand of polymorph (11)
 n - a wand of paralysis (17)
 s - a wand of confusion (44)
 t - a wand of frost (3)
 Q - a wand of disintegration (11)
Scrolls
 f - 3 scrolls of enchant armour
 i - 7 scrolls of remove curse
 k - a scroll of acquirement {unknown}
 r - a scroll of noise
 w - 6 scrolls of teleportation
 C - a scroll of immolation
 D - 2 scrolls of enchant weapon
 E - a scroll of fear {unknown}
 F - 2 scrolls of recharging
 M - 2 scrolls of identify
Potions
 e - a potion of resistance
 h - 3 potions of haste
 l - 3 potions of agility
 o - a potion of cure mutation {unknown}
 p - 7 potions of curing
 q - 2 potions of heal wounds
 u - 3 potions of might
 x - a potion of brilliance
 z - 3 potions of restore abilities
 A - a potion of ambrosia
 B - 3 potions of flight
 L - 2 potions of invisibility {unknown}
 P - a potion of mutation {unknown}
Books
 c - a book of Maledictions

   Spells                             Type                      Level
   a - Corona                         Hexes                        1
   b - Sure Blade                     Hexes/Charms                 2
   c - Ensorcelled Hibernation        Hexes/Ice                    2
   d - Confuse                        Hexes                        3
   e - Dazzling Spray                 Conjuration/Hexes            3
   f - Enslavement                    Hexes                        4
Miscellaneous
 N - a phial of floods
Comestibles
 d - 6 bread rations
 j - 3 slices of pizza
 m - 10 fruits


   Skills:
 - Level 5.2 Fighting
 - Level 4.1 Short Blades
 + Level 11.3 Dodging
 + Level 13.1 Stealth
 * Level 5.2 Spellcasting
 - Level 13.4 Hexes
 - Level 2.1 Ice Magic
 + Level 4.0 Evocations


You had 11 spell levels left.
You knew the following spells:

 Your Spells              Type           Power        Failure   Level  Hunger
a - Corona                Hex            ######.      1%          1    None
b - Confuse               Hex            ######..     1%          3    ##.....
c - Ensorcelled Hibernat  Hex/Ice        #####.       1%          2    None
d - Dazzling Spray        Conj/Hex       ####....     1%          3    ##.....


Dungeon Overview and Level Annotations

Branches:
Dungeon (10/15)            Temple (1/1) D:7            Lair (2/8) D:10
    Orc (0/4) D:9

Altars:
Ashenzari
Cheibriados
Dithmenos
Elyvilon
Fedhas
Gozag
Kikubaaqudgha
Makhleb
Nemelex Xobeh
Okawaru
Qazlal
Ru
Sif Muna
Trog
Vehumet
Xom
Yredelemnul
Zin
The Shining One

Shops:
D:7 :   D:9 [


Innate Abilities, Weirdness & Mutations

You are tiny and cannot use many weapons and most armour.
You have supernaturally acute eyesight.
You are a herbivore.
You cover ground extremely quickly.
You need consume almost no food.


Message History

The wolf spider simulacrum completely misses you.
The wolf spider simulacrum closely misses you.
You hit the wolf spider simulacrum.
The wolf spider simulacrum completely misses you. x2
The wolf spider simulacrum hits you but does no damage.
The wolf spider simulacrum bites you but does no damage.
You hit the wolf spider simulacrum but do no damage.
The wolf spider simulacrum completely misses you.
The wolf spider simulacrum misses you. The wolf spider simulacrum hits you!
The wolf spider simulacrum freezes you!!
* * * LOW HITPOINT WARNING * * *
The wolf spider simulacrum bites you but does no damage.
You hit the wolf spider simulacrum.
The wolf spider simulacrum closely misses you.
The wolf spider simulacrum completely misses you.
The wolf spider simulacrum barely misses you.
The wolf spider simulacrum bites you.
* * * LOW HITPOINT WARNING * * *
The wolf spider simulacrum freezes you!!
You die...

.## ##..
##...
##...
#.Z.#
.Z.##
#ZZ.#
##@..##
##.....##
#...∩...#
#.......#
##..∩..##
##...##
#####


You could see a wolf simulacrum (dormant), a death yak simulacrum and 2 wolf
spider simulacra.

Vanquished Creatures
  Erolcha (D:9)
  2 unseen horrors
  2 hill giants
  A spiny frog (Lair:2)
  Psyche (D:9)
  2 komodo dragons
  A fire drake (Lair:1)
  A troll (D:10)
  The ghost of scienide the Frost Mage, an experienced DEIE of Sif Muna (D:6)
  4 blink frogs (Lair:1)
  A spriggan (D:7)
  A hippogriff (D:7)
  3 water moccasins
  3 phantoms
  3 orc warriors
  2 porcupines
  4 sky beasts
  2 ice beasts
  A necrophage (D:9)
  10 ogres
  4 crocodiles
  Duvessa (D:9)
  5 centaurs
  10 giant frogs
  A wyvern zombie (D:6)
  2 scorpions
  A wight (D:6)
  7 killer bees (D:7)
  Dowan (D:9)
  2 giant frog zombies (D:5)
  3 goliath beetles
  3 crimson imps
  6 hounds
  2 centaur zombies
  A centaur skeleton (D:5)
  A quasit (D:8)
  Crazy Yiuf (D:2)
  9 orc priests
  3 giant frog skeletons
  7 worker ants
  5 iguanas
  13 orc wizards
  2 hound skeletons
  9 adders
  4 shadow imps
  2 giant mites
  4 worms
  2 adder zombies
  3 giant geckos
  2 oozes
  63 orcs
  11 bats
  3 bat skeletons
  12 goblins
  12 hobgoblins
  15 jackals
  12 kobolds
  7 quokkas
  7 giant cockroaches
  A giant gecko zombie (D:5)
  6 giant newts
  2 giant spores
  2 quokka skeletons
  16 rats
  7 ballistomycetes
  A plant (D:10)
339 creatures vanquished.

Vanquished Creatures (others)
  A crimson imp (D:6)
  An adder (D:6)
  A worm (D:2)
  A giant gecko (D:6)
  A giant newt (D:6)
  A giant spore (D:9)
  A goblin (D:6)
  A plant (D:10)
8 creatures vanquished.

Grand Total: 347 creatures vanquished

Notes
Turn   | Place    | Note
--------------------------------------------------------------
     0 | D:1      | Grim, the Spriggan Enchanter, began the quest for the Orb.
     0 | D:1      | Reached XP level 1. HP: 9/9 MP: 4/4
   381 | D:1      | Reached XP level 2. HP: 13/13 MP: 7/7
  1146 | D:2      | Reached XP level 3. HP: 8/16 MP: 3/9
  1892 | D:2      | Found a sparkling altar of Nemelex Xobeh.
  2019 | D:2      | Reached skill level 5 in Stealth
  2208 | D:2      | Reached XP level 4. HP: 18/21 MP: 12/12
  2542 | D:2      | Noticed Crazy Yiuf
  2561 | D:2      | Killed Crazy Yiuf
  2982 | D:3      | Reached skill level 5 in Hexes
  3244 | D:3      | Learned a level 3 spell: Confuse
  3482 | D:3      | Found a glowing silver altar of Zin.
  3909 | D:4      | Reached XP level 5. HP: 24/24 MP: 10/14
  4821 | D:5      | Entered Level 5 of the Dungeon
  4826 | D:5      | Noticed an ogre
  4846 | D:5      | Killed an ogre
  4846 | D:5      | Reached skill level 6 in Stealth
  4846 | D:5      | Reached XP level 6. HP: 28/28 MP: 9/17
  5544 | D:5      | Found a bloodstained altar of Trog.
  5552 | D:5      | Found a deep blue altar of Sif Muna.
  5560 | D:5      | Found an iron altar of Okawaru.
  5647 | D:5      | Noticed a phantom
  5865 | D:5      | Reached XP level 7. HP: 32/32 MP: 15/19
  6001 | D:5      | Noticed a phantom
  6022 | D:5      | Killed a phantom
  6022 | D:5      | Reached skill level 5 in Dodging
  6022 | D:5      | Reached skill level 7 in Stealth
  6900 | D:6      | Reached skill level 8 in Stealth
  6953 | D:6      | Reached XP level 8. HP: 36/36 MP: 12/20
  7427 | D:6      | Reached skill level 9 in Hexes
  7522 | D:6      | Found a shimmering altar of Xom.
  7544 | D:6      | Noticed scienide's ghost (experienced DEIE)
  7559 | D:6      | Killed scienide's ghost
  7611 | D:6      | Reached skill level 10 in Hexes
  7903 | D:6      | Reached XP level 9. HP: 39/39 MP: 22/22
  7985 | D:6      | Reached skill level 10 in Stealth
  8076 | D:6      | Noticed a hill giant
  8091 | D:6      | Killed a hill giant
  8119 | D:6      | Learned a level 2 spell: Ensorcelled Hibernation
  8240 | D:6      | Reached skill level 11 in Hexes
  8470 | D:7      | Reached skill level 1 in Ice Magic
  8682 | D:7      | Found Truunyq's Book Boutique.
  9346 | D:6      | Reached skill level 1 in Fighting
  9522 | D:7      | Found a staircase to the Ecumenical Temple.
  9635 | Temple   | Entered the Ecumenical Temple
  9683 | Temple   | Became a worshipper of Dithmenos the Shadowed
  9846 | D:7      | HP: 2/41 [poisoned by a killer bee]
  9853 | D:7      | HP: 2/41 [poisoned by a killer bee]
  9860 | D:7      | HP: 1/41 [poisoned by a killer bee]
 10415 | D:7      | Reached XP level 10. HP: 46/46 MP: 23/23
 11068 | D:8      | Reached skill level 12 in Hexes
 11662 | D:9      | Found a staircase to the Orcish Mines.
 11753 | D:9      | Acquired Dithmenos' first power
 11993 | D:9      | Noticed Psyche
 12002 | D:9      | Killed Psyche
 12163 | D:9      | Noticed Erolcha
 12169 | D:9      | Killed Erolcha
 12169 | D:9      | Reached skill level 10 in Dodging
 12239 | D:9      | Found a sacrificial altar of Ru.
 12277 | D:9      | Found Kamoiwal's Armour Boutique.
 12283 | D:9      | Bought the +4 robe "Xiemadot" {Str+2 Dex-2} for 332 gold pieces
 12302 | D:9      | Learned a level 3 spell: Dazzling Spray
 12324 | D:9      | Noticed an unseen horror
 12326 | D:9      | Killed an unseen horror
 12684 | D:9      | Noticed Duvessa
 12685 | D:9      | Noticed Dowan
 12695 | D:9      | Killed Duvessa
 12701 | D:9      | Killed Dowan
 12897 | D:10     | Entered Level 10 of the Dungeon
 12938 | D:10     | Reached skill level 13 in Hexes
 12943 | D:10     | Noticed a hill giant
 12966 | D:10     | Killed a hill giant
 13123 | D:10     | Reached XP level 11. HP: 54/54 MP: 24/24
 13166 | D:10     | Noticed an unseen horror
 13182 | D:10     | Killed an unseen horror
 13182 | D:10     | Reached skill level 5 in Fighting
 13641 | D:10     | Found a staircase to the Lair.
 13746 | D:10     | Acquired Dithmenos' second power
 14013 | Lair:1   | Entered Level 1 of the Lair of Beasts
 14297 | Lair:1   | Reached skill level 1 in Evocations
 15050 | Lair:2   | Reached skill level 5 in Spellcasting
 15158 | Lair:2   | Found a frozen archway.
 15187 | Lair:2   | Found a basalt altar of Yredelemnul.
 15189 | IceCv    | Entered an ice cave
 15196 | IceCv    | Mangled by a wolf spider simulacrum

Action                   |  1- 3 |  4- 6 |  7- 9 | 10-12 || total
-------------------------+-------+-------+-------+-------++-------
Melee: Dagger            |   174 |   279 |   439 |   298 ||  1190
 Cast: Corona            |    18 |     9 |       |       ||    27
       Confuse           |       |    15 |    44 |    29 ||    88
       Ensorcelled Hiber |       |       |    53 |    55 ||   108
       Dazzling Spray    |       |       |       |     2 ||     2
Evoke: Wand              |       |       |       |     5 ||     5
  Use: Scroll            |       |     5 |       |    16 ||    21
       Potion            |       |       |     1 |       ||     1
 Stab: Sleeping          |     8 |     6 |    45 |    68 ||   127
       Confused          |       |     8 |    23 |    11 ||    42
       Invisible         |       |     1 |       |       ||     1
       Distracted        |       |     1 |     2 |     1 ||     4
  Eat: Fruit             |       |     1 |       |       ||     1
       Bread ration      |       |     1 |     2 |     2 ||     5
